 Dungeon Crawl Stone Soup version 0.29-a0-474-gdfe5cd140f (webtiles) character file.

Game seed: 10877630375976383719

9221 spaghetti the Cruncher (level 11, -8/121 HPs)
             Began as a Gnoll Wanderer on May 24, 2022.
             Was a Priest of Cheibriados.
             Mangled by a 12-headed hydra (10 damage)
             ... on level 3 of the Lair of Beasts.
             The game lasted 00:17:09 (9535 turns).

spaghetti the Cruncher (Gnoll Wanderer)             Turns: 9535, Time: 00:17:09

Health: -8/121     AC: 25    Str: 17    XL:     11   Next: 43%
Magic:  15/20      EV:  2    Int: 26    God:    Cheibriados [***...]
Gold:   419        SH:  0    Dex: 26    Spells: 22/22 levels left

rFire   . . .      SeeInvis .   a - +2 lajatang (elec) {staff}
rCold   . . .      Faith    .   (shield currently unavailable)
rNeg    . . .      Spirit   .   (body armour currently unavailable)
rPois   +          Reflect  .   (helmet currently unavailable)
rElec   .          Harm     .   (cloak currently unavailable)
rCorr   .          Rampage  .   (gloves currently unavailable)
Will    .....      NoTele   +   (boots currently unavailable)
Stlth   ++++......              t - amulet of regeneration {@e2}
HPRegen 1.10/turn               E - +6 ring of intelligence
MPRegen 0.17/turn               j - ring of wizardry

@: tree-form, very slow
A: stationary, stasis, torment immunity, boosted hp, (fangs 1), strong nose,
distributed training
a: Renounce Religion, Bend Time, Temporal Distortion


You were on level 3 of the Lair of Beasts.
You worshipped Cheibriados.
Cheibriados was most pleased with you.
You were a tree.
You visited 3 branches of the dungeon, and saw 13 of its levels.

You collected 689 gold pieces.
You spent 270 gold pieces at shops.


Innate Abilities, Weirdness & Mutations

You are a tree.
Your roots penetrate the ground, keeping you stationary.
You cannot be teleported.
You are immune to unholy pain and torment.
Your maximum health is greatly increased.
Your equipment is partially melded.
((You have very sharp teeth.))
Your uncanny sense of smell can sniff out nearby items.
Your experience applies equally to all skills.


   Skills:
 + Level 6.3 Fighting
 + Level 7.9 Short Blades
 + Level 6.3 Long Blades
 + Level 6.3 Axes
 + Level 6.3 Maces & Flails
 + Level 6.3 Polearms
 + Level 12.1 Staves
 + Level 6.3 Slings
 + Level 6.3 Bows
 + Level 6.3 Crossbows
 + Level 6.3 Throwing
 + Level 9.2 Armour
 + Level 6.3 Dodging
 + Level 6.3 Stealth
 + Level 6.3 Shields
 + Level 6.3 Unarmed Combat
 + Level 6.3 Spellcasting
 + Level 5.2 Conjurations
 + Level 5.2 Hexes
 + Level 5.2 Summonings
 + Level 5.2 Necromancy
 + Level 5.2 Translocations
 + Level 5.2 Transmutations
 + Level 5.2 Fire Magic
 + Level 5.2 Ice Magic
 + Level 5.2 Air Magic
 + Level 5.2 Earth Magic
 + Level 5.2 Poison Magic
 + Level 6.9 Invocations
 + Level 6.3 Evocations


You had 22 spell levels left.
You didn't know any spells.
Your spell library contained the following spells:

 Spells                   Type           Power      Damage    Failure   Level
 Apportation              Tloc           70%        N/A       1%          1
 Necrotize                Necr           100%       1d9       1%          1
 Summon Small Mammal      Summ           100%       N/A       1%          1
 Confusing Touch          Hex            35%        N/A       1%          3
 Yara's Violent Unravell  Hex/Tmut       17%        3d8       9%          5
 Enfeeble                 Hex            17%        N/A       92%         7

Inventory:

Hand Weapons
 a - a +2 lajatang of electrocution (weapon) {staff}
   (You found it on level 4 of the Dungeon)
Missiles
 b - 3 javelins {throwing}
 g - 21 poisoned darts {throwing}
 h - 232 stones (quivered) {throwing}
 p - 4 boomerangs {throwing}
 u - a throwing net {=f!fthrowing}
 A - 3 atropa-tipped darts {throwing}
Armour
 k - a +0 helmet (melded)
   (You found it on level 2 of the Dungeon)
 y - a +2 cloak (melded)
   (You took it off Crazy Yiuf on level 5 of the Dungeon)
 z - a +3 leather armour of willpower (melded)
   (You took it off Eustachio on level 5 of the Dungeon)
 D - a +2 pair of boots (melded)
   (You found it on level 6 of the Dungeon)
Jewellery
 c - an amulet of the acrobat
   (You found it on level 6 of the Dungeon)
 j - a ring of wizardry (right branch)
   (You found it on level 2 of the Lair of Beasts)
 r - a ring of willpower
   (You took it off an orc on level 9 of the Dungeon)
 s - a ring of flight
   (You found it on level 2 of the Lair of Beasts)
 t - an amulet of regeneration (around neck) {@e2}
   (You found it on level 4 of the Dungeon)
 E - a +6 ring of intelligence (left branch)
   (You found it on level 7 of the Dungeon)
Wands
 G - a wand of polymorph (2)
   (You took it off an orc on level 9 of the Dungeon)
Scrolls
 d - 4 scrolls of vulnerability {!r!r}
 l - a scroll of brand weapon
 m - 4 scrolls of immolation {!r!r}
 o - a scroll of fog
 q - 2 scrolls of magic mapping {!r}
 B - 2 scrolls of teleportation {@r4}
 H - a scroll of poison {!r}
Potions
 e - 8 potions of curing {@q1}
 f - a potion of attraction {!q}
 i - 3 potions of lignification {!q}
 n - a potion of degeneration {!q@e2}
 v - 2 potions of flight
 w - a potion of brilliance
 C - 2 potions of cancellation
 I - a potion of haste {unknown}
 J - a potion of berserk rage {unknown}

Dungeon Overview and Level Annotations

Branches:
Dungeon (9/15)             Temple (1/1) D:7            Lair (3/6) D:9
    Orc (0/2) D:9
  Swamp: Lair:2-4    Shoals: Lair:2-4     Snake: Lair:2-4    Spider: Lair:2-4

Altars:
Ashenzari
Cheibriados
Dithmenos
Elyvilon
Fedhas
Gozag
Hepliaklqana
Kikubaaqudgha
Makhleb
Nemelex Xobeh
Okawaru
Qazlal
Ru
Sif Muna
Trog
Uskayaw
Vehumet
Wu Jian
Yredelemnul
Zin
The Shining One
Beogh

Shops:
D:4 !*   D:6 [

Annotations:
Lair:2 1 runed translucent door, Pegaph's ghost, journeyman MyAM

.. ..PP...# .#.
......#
...P####.....##
#............# #P
#.........# ...
#####...<..##....
.................
.P........D#..#...
.####.....♣.......
###....=..#$..
#.......).#
#####.....# ##..P#
####


You could see a 12-headed hydra.


Message History

The five-headed hydra grows two more!
You hit the seven-headed hydra.
Lightning courses through the seven-headed hydra! 😕 HP[+1] Unknown command.
Unknown command.
Unknown command.
You hit the seven-headed hydra.
The seven-headed hydra closely misses you.
The seven-headed hydra bites you but does no damage.
The seven-headed hydra completely misses you.
The seven-headed hydra barely misses you. x3
The seven-headed hydra misses you. 😕 HP[+1] MP[+1]
You chop one of the seven-headed hydra's heads off!
The six-headed hydra grows two more!
You slice the eight-headed hydra!! 😕 HP[+1]
You hit the eight-headed hydra. You bite the eight-headed hydra.
The eight-headed hydra bites you but does no damage.
The eight-headed hydra barely misses you.
The eight-headed hydra bites you! The eight-headed hydra bites you.
The eight-headed hydra bites you!
The eight-headed hydra closely misses you. x2
The eight-headed hydra completely misses you. 😮 HP[-21]
You take 21 damage, and now have 46/81 hp.
MASSIVE DAMAGE!! (PAUSE) Unknown command.
You slice one of the eight-headed hydra's heads off!
The seven-headed hydra grows two more!
You slash the nine-headed hydra!
Lightning courses through the nine-headed hydra! 😮 HP[+1]
You hack one of the nine-headed hydra's heads off!
The eight-headed hydra grows two more!
You slice the ten-headed hydra!! The ten-headed hydra bites you!
* * * LOW HITPOINT WARNING * * *
The ten-headed hydra misses you. The ten-headed hydra bites you!
* * * LOW HITPOINT WARNING * * *
The ten-headed hydra bites you but does no damage.
The ten-headed hydra bites you.
* * * LOW HITPOINT WARNING * * *
The ten-headed hydra bites you but does no damage.
The ten-headed hydra bites you.
* * * LOW HITPOINT WARNING * * *
The ten-headed hydra bites you.
* * * LOW HITPOINT WARNING * * *
The ten-headed hydra bites you but does no damage. x2 😨 HP[-26]
You take 26 damage, and now have 21/81 hp.
MASSIVE DAMAGE!! (PAUSE) Unknown command.
Unknown command.
You slice one of the ten-headed hydra's heads off!
The nine-headed hydra grows two more!
You slash the 11-headed hydra!
You bite the 11-headed hydra. 😨 HP[+1] Unknown command.
Unknown command.
Unknown command.
You slice one of the 11-headed hydra's heads off!
The ten-headed hydra grows two more!
You slash the 12-headed hydra! The 12-headed hydra closely misses you.
The 12-headed hydra bites you!
* * * LOW HITPOINT WARNING * * *
The 12-headed hydra barely misses you. The 12-headed hydra bites you!
* * * LOW HITPOINT WARNING * * *
The 12-headed hydra bites you.
* * * LOW HITPOINT WARNING * * *
The 12-headed hydra barely misses you.
The 12-headed hydra bites you but does no damage.
The 12-headed hydra bites you.
* * * LOW HITPOINT WARNING * * *
The 12-headed hydra barely misses you.
The 12-headed hydra bites you but does no damage.
The 12-headed hydra bites you.
* * * LOW HITPOINT WARNING * * *
The 12-headed hydra closely misses you. 😱 HP[-21]
You take 21 damage, and now have 1/81 hp.
MASSIVE DAMAGE!! (PAUSE)
You warp the flow of time around you! 😱 MP[-4]
You lost 4 mp, and now have 14/20 mp.
Unknown command.
Okay, then.
Okay, then.
Really quaff
i - 4 potions of lignification {!q}?
Really quaff the potion of lignification?
You turn into a tree.
Your +2 cloak melds into your body.
Your +0 helmet melds into your body.
Your +2 pair of boots melds into your body.
Your +3 leather armour of willpower melds into your body.
You feel less strong-willed.
Your roots penetrate the ground.
Your armour is currently melded into you. 😱 HP[+1] MP[+1]
You now have 121 max hp (+40).
You hit the 12-headed hydra.
The 12-headed hydra bites you but does no damage.
The 12-headed hydra bites you.
* * * LOW HITPOINT WARNING * * *
The 12-headed hydra bites you!
You die...

Skill      XL: |  1  2  3  4  5  6  7  8  9 10 11 |
---------------+----------------------------------+-----
Staves         | 11 12 | 12.1
Invocations    | 1 2 3 4 5 6 |  6.9
Fighting       | 1 2 3 4 5 6 |  6.3
Long Blades    | 1 2 3 4 5 6 |  6.3
Axes           | 1 2 3 4 5 6 |  6.3
Maces & Flails | 1 2 3 4 5 6 |  6.3
Polearms       | 1 2 3 4 5 6 |  6.3
Slings         | 1 2 3 4 5 6 |  6.3
Bows           | 1 2 3 4 5 6 |  6.3
Crossbows      | 1 2 3 4 5 6 |  6.3
Throwing       | 1 2 3 4 5 6 |  6.3
Dodging        | 1 2 3 4 5 6 |  6.3
Stealth        | 1 2 3 4 5 6 |  6.3
Shields        | 1 2 3 4 5 6 |  6.3
Unarmed Combat | 1 2 3 4 5 6 |  6.3
Spellcasting   | 1 2 3 4 5 6 |  6.3
Evocations     | 1 2 3 4 5 6 |  6.3
Conjurations   | 1 2 3 4 5 |  5.2
Hexes          | 1 2 3 4 5 |  5.2
Summonings     | 1 2 3 4 5 |  5.2
Necromancy     | 1 2 3 4 5 |  5.2
Translocations | 1 2 3 4 5 |  5.2
Transmutations | 1 2 3 4 5 |  5.2
Fire Magic     | 1 2 3 4 5 |  5.2
Ice Magic      | 1 2 3 4 5 |  5.2
Air Magic      | 1 2 3 4 5 |  5.2
Earth Magic    | 1 2 3 4 5 |  5.2
Poison Magic   | 1 2 3 4 5 |  5.2
Short Blades   | 5 6 7 |  7.9
Armour         | 7 8 9 |  9.2

Action                   |  1- 3 |  4- 6 |  7- 9 | 10-12 || total
-------------------------+-------+-------+-------+-------++-------
Melee: Quarterstaff      |   102 |   240 |   110 |       ||   452
       Bite              |     7 |    22 |    28 |    29 ||    86
       Lajatang          |       |    13 |   133 |   254 ||   400
       Unarmed           |       |       |       |    21 ||    21
Throw: Stone             |       |    36 |    53 |    83 ||   172
Invok: Temporal Distorti |       |       |       |     2 ||     2
       Bend Time         |       |       |       |     1 ||     1
       Slouch            |       |       |       |     1 ||     1
Evoke: Wand              |       |       |       |     2 ||     2
  Use: Potion            |       |     1 |     4 |     9 ||    14
       Scroll            |       |     3 |     5 |    12 ||    20
 Stab: Sleeping          |       |     3 |     7 |     3 ||    13
       Paralysed         |       |       |     2 |       ||     2
       Petrifying        |       |       |     1 |       ||     1
Armor: Ring mail         |    34 |    77 |    22 |       ||   133
       Skin              |       |       |     1 |     5 ||     6
       Leather armour    |       |       |    81 |   129 ||   210
Dodge: Dodged            |    39 |   111 |   125 |   330 ||   605

Levels and vault maps discovered:
D:1:      erik_arrival_blinker_ship, layout_basic,
          chequers_ecumenical_altar_grove, minmay_tripent
D:2:      layout_loops_ring, serial_undead, serial_undead_a, serial_undead_a,
          serial_undead_a, serial_undead_a, serial_undead_a, serial_undead_b,
          serial_undead_c, serial_undead_f, basic_altar
D:3:      layout_loops_ring
D:4:      minmay_chambers_of_twos, layout_loops_ring, serial_shops, shop,
          nicolae_shop_gadgets
D:5:      layout_basic, nemelex_spade_bored_becter, grunt_gozag_statues,
          uniq_eustachio, uniq_crazy_yiuf_cottage, uniq_grinder
D:6:      layout_rooms, serial_shops, kennysheep_mini_moat, uniq_sigmund
D:7:      layout_basic, lightli_temple_of_fire,
          minmay_temple_entry_statues_fountains, uniq_joseph
D:8:      layout_rooms, uniq_psyche, uniq_prince_ribbit1
D:9:      layout_roguey [special_room_orc], minitemple,
          nicolae_uskayaw_dance_hall, lair_entry_dummy, david_orc_2,
          kennysheep_island_fort
Temple:   nicolae_temple_no_exploring_needed
Lair:1:   layout_regular_city, nicolae_quartered_pool_medium, grunt_megastairs_1
Lair:2:   layout_cave_pods, ebering_ghost_funeral_grove
Lair:3:   layout_misc_corridors, lemuel_fruit_tree, serial_bayou_shore_b,
          grunt_megastairs_3

Notes
Turn   | Place    | Note
-------+----------+-------------------------------------------
     0 | D:1      | Reached skill level 10 in Staves
     0 | D:1      | spaghetti the Gnoll Wanderer began the quest for the Orb.
     0 | D:1      | spaghetti set off with the following items: a +0 vorpal
                  | quarterstaff {staff}, a +0 short sword {short}, a +0 ring
                  | mail, a scroll of vulnerability {!r!r}
     0 | D:1      | Reached XP level 1. HP: 13/13 MP: 1/1
     0 | D:1      | magus.rc [v1.9.6]
   221 | D:1      | Reached XP level 2. HP: 18/19 MP: 2/2
   294 | D:1      | You pick up a book of Cantrips and begin reading...
   294 | D:1      | You add the spells Necrotize, Summon Small Mammal and
                  | Apportation to your library.
   694 | D:1      | Found a faded altar of an unknown god.
   771 | D:1      | Reached XP level 3. HP: 22/25 MP: 3/3
  1095 | D:2      | HP: 6/25 [adder skeleton (2)]
  1380 | D:2      | Reached skill level 1 in Invocations
  1525 | D:2      | Reached skill level 1 in Fighting
  1525 | D:2      | Reached skill level 1 in Long Blades
  1525 | D:2      | Reached skill level 1 in Axes
  1525 | D:2      | Reached skill level 1 in Maces & Flails
  1525 | D:2      | Reached skill level 1 in Polearms
  1525 | D:2      | Reached skill level 1 in Slings
  1525 | D:2      | Reached skill level 1 in Bows
  1525 | D:2      | Reached skill level 1 in Crossbows
  1525 | D:2      | Reached skill level 1 in Throwing
  1525 | D:2      | Reached skill level 1 in Dodging
  1525 | D:2      | Reached skill level 1 in Stealth
  1525 | D:2      | Reached skill level 1 in Shields
  1525 | D:2      | Reached skill level 1 in Unarmed Combat
  1525 | D:2      | Reached skill level 1 in Spellcasting
  1525 | D:2      | Reached skill level 1 in Evocations
  1572 | D:2      | Reached XP level 4. HP: 25/32 MP: 5/5
  1707 | D:2      | Found a sparkling altar of Nemelex Xobeh.
  1961 | D:2      | Reached skill level 1 in Conjurations
  1961 | D:2      | Reached skill level 1 in Hexes
  1961 | D:2      | Reached skill level 1 in Summonings
  1961 | D:2      | Reached skill level 1 in Necromancy
  1961 | D:2      | Reached skill level 1 in Translocations
  1961 | D:2      | Reached skill level 1 in Transmutations
  1961 | D:2      | Reached skill level 1 in Fire Magic
  1961 | D:2      | Reached skill level 1 in Ice Magic
  1961 | D:2      | Reached skill level 1 in Air Magic
  1961 | D:2      | Reached skill level 1 in Earth Magic
  1961 | D:2      | Reached skill level 1 in Poison Magic
  2290 | D:3      | Reached XP level 5. HP: 35/37 MP: 6/6
  2737 | D:3      | Reached skill level 2 in Invocations
  2737 | D:3      | Reached XP level 6. HP: 43/44 MP: 8/8
  3216 | D:4      | Found Somuhufa's Gadget Gallery.
  3267 | D:4      | Found Unaulaap's Distillery.
  3519 | D:4      | Reached skill level 5 in Short Blades
  3521 | D:4      | Reached skill level 2 in Fighting
  3521 | D:4      | Reached skill level 2 in Long Blades
  3521 | D:4      | Reached skill level 2 in Axes
  3521 | D:4      | Reached skill level 2 in Maces & Flails
  3521 | D:4      | Reached skill level 2 in Polearms
  3521 | D:4      | Reached skill level 2 in Slings
  3521 | D:4      | Reached skill level 2 in Bows
  3521 | D:4      | Reached skill level 2 in Crossbows
  3521 | D:4      | Reached skill level 2 in Throwing
  3521 | D:4      | Reached skill level 2 in Dodging
  3521 | D:4      | Reached skill level 2 in Stealth
  3521 | D:4      | Reached skill level 2 in Shields
  3521 | D:4      | Reached skill level 2 in Unarmed Combat
  3521 | D:4      | Reached skill level 2 in Spellcasting
  3521 | D:4      | Reached skill level 2 in Evocations
  4151 | D:4      | Reached XP level 7. HP: 50/50 MP: 10/10
  4375 | D:5      | Entered Level 5 of the Dungeon
  4401 | D:5      | Reached skill level 7 in Armour
  4401 | D:5      | Reached skill level 2 in Conjurations
  4401 | D:5      | Reached skill level 2 in Hexes
  4401 | D:5      | Reached skill level 2 in Summonings
  4401 | D:5      | Reached skill level 2 in Necromancy
  4401 | D:5      | Reached skill level 2 in Translocations
  4401 | D:5      | Reached skill level 2 in Transmutations
  4401 | D:5      | Reached skill level 2 in Fire Magic
  4401 | D:5      | Reached skill level 2 in Ice Magic
  4401 | D:5      | Reached skill level 2 in Air Magic
  4401 | D:5      | Reached skill level 2 in Earth Magic
  4401 | D:5      | Reached skill level 2 in Poison Magic
  4443 | D:5      | Found an opulent altar of Gozag.
  4502 | D:5      | Noticed Eustachio
  4525 | D:5      | Killed Eustachio
  4541 | D:5      | Reached skill level 3 in Invocations
  4543 | D:5      | Reached XP level 8. HP: 28/57 MP: 10/12
  4726 | D:5      | Noticed Grinder
  4730 | D:5      | Reached skill level 3 in Fighting
  4730 | D:5      | Reached skill level 3 in Long Blades
  4730 | D:5      | Reached skill level 3 in Axes
  4730 | D:5      | Reached skill level 3 in Maces & Flails
  4730 | D:5      | Reached skill level 3 in Polearms
  4730 | D:5      | Reached skill level 3 in Slings
  4730 | D:5      | Reached skill level 3 in Bows
  4730 | D:5      | Reached skill level 3 in Crossbows
  4730 | D:5      | Reached skill level 3 in Throwing
  4730 | D:5      | Reached skill level 3 in Dodging
  4730 | D:5      | Reached skill level 3 in Stealth
  4730 | D:5      | Reached skill level 3 in Shields
  4730 | D:5      | Reached skill level 3 in Unarmed Combat
  4730 | D:5      | Reached skill level 3 in Spellcasting
  4730 | D:5      | Reached skill level 3 in Evocations
  4736 | D:5      | Killed Grinder
  4933 | D:5      | Found a runed translucent door.
  4934 | D:5      | Noticed Crazy Yiuf
  5033 | D:5      | Found a sparkling altar of Nemelex Xobeh.
  5408 | D:5      | Killed Crazy Yiuf
  5503 | D:6      | Reached skill level 11 in Staves
  5667 | D:6      | Noticed Sigmund
  5675 | D:6      | Killed Sigmund
  5676 | D:6      | Reached skill level 6 in Short Blades
  5676 | D:6      | Reached skill level 3 in Conjurations
  5676 | D:6      | Reached skill level 3 in Hexes
  5676 | D:6      | Reached skill level 3 in Summonings
  5676 | D:6      | Reached skill level 3 in Necromancy
  5676 | D:6      | Reached skill level 3 in Translocations
  5676 | D:6      | Reached skill level 3 in Transmutations
  5676 | D:6      | Reached skill level 3 in Fire Magic
  5676 | D:6      | Reached skill level 3 in Ice Magic
  5676 | D:6      | Reached skill level 3 in Air Magic
  5676 | D:6      | Reached skill level 3 in Earth Magic
  5676 | D:6      | Reached skill level 3 in Poison Magic
  5676 | D:6      | Reached skill level 4 in Invocations
  5812 | D:6      | Reached XP level 9. HP: 62/65 MP: 14/14
  5916 | D:6      | Found Zirghef's Antique Armour Shop.
  5919 | D:6      | Bought a pitted ring mail for 270 gold pieces
  5919 | D:6      | Identified the +0 ring mail "Voimoes" {rN+} (You bought it
                  | in a shop on level 6 of the Dungeon)
  6010 | D:7      | HP: 13/64 [something (12)]
  6018 | D:7      | Reached skill level 4 in Fighting
  6018 | D:7      | Reached skill level 4 in Long Blades
  6018 | D:7      | Reached skill level 4 in Axes
  6018 | D:7      | Reached skill level 4 in Maces & Flails
  6018 | D:7      | Reached skill level 4 in Polearms
  6018 | D:7      | Reached skill level 4 in Slings
  6018 | D:7      | Reached skill level 4 in Bows
  6018 | D:7      | Reached skill level 4 in Crossbows
  6018 | D:7      | Reached skill level 4 in Throwing
  6018 | D:7      | Reached skill level 4 in Dodging
  6018 | D:7      | Reached skill level 4 in Stealth
  6018 | D:7      | Reached skill level 4 in Shields
  6018 | D:7      | Reached skill level 4 in Unarmed Combat
  6018 | D:7      | Reached skill level 4 in Spellcasting
  6018 | D:7      | Reached skill level 4 in Evocations
  6018 | D:7      | HP: 14/65 [something (6)]
  6445 | D:7      | Found a staircase to the Ecumenical Temple.
  6452 | Temple   | Entered the Ecumenical Temple
  6459 | Temple   | Became a worshipper of Cheibriados the Contemplative
  6583 | D:7      | Reached skill level 8 in Armour
  6623 | D:7      | Reached skill level 5 in Invocations
  6737 | D:7      | Found a bloodstained altar of Trog.
  7086 | D:7      | Noticed Joseph
  7097 | D:7      | Killed Joseph
  7098 | D:7      | Reached skill level 4 in Conjurations
  7098 | D:7      | Reached skill level 4 in Hexes
  7098 | D:7      | Reached skill level 4 in Summonings
  7098 | D:7      | Reached skill level 4 in Necromancy
  7098 | D:7      | Reached skill level 4 in Translocations
  7098 | D:7      | Reached skill level 4 in Transmutations
  7098 | D:7      | Reached skill level 4 in Fire Magic
  7098 | D:7      | Reached skill level 4 in Ice Magic
  7098 | D:7      | Reached skill level 4 in Air Magic
  7098 | D:7      | Reached skill level 4 in Earth Magic
  7098 | D:7      | Reached skill level 4 in Poison Magic
  7098 | D:7      | Reached XP level 10. HP: 56/73 MP: 15/17
  7287 | D:8      | Reached * piety under Cheibriados
  7329 | D:8      | You pick up a book of Misfortune and begin reading...
  7329 | D:8      | You add the spells Confusing Touch, Yara's Violent
                  | Unravelling and Enfeeble to your library.
  7415 | D:8      | Reached skill level 5 in Fighting
  7415 | D:8      | Reached skill level 5 in Long Blades
  7415 | D:8      | Reached skill level 5 in Axes
  7415 | D:8      | Reached skill level 5 in Maces & Flails
  7415 | D:8      | Reached skill level 5 in Polearms
  7415 | D:8      | Reached skill level 5 in Slings
  7415 | D:8      | Reached skill level 5 in Bows
  7415 | D:8      | Reached skill level 5 in Crossbows
  7415 | D:8      | Reached skill level 5 in Throwing
  7415 | D:8      | Reached skill level 5 in Dodging
  7415 | D:8      | Reached skill level 5 in Stealth
  7415 | D:8      | Reached skill level 5 in Shields
  7415 | D:8      | Reached skill level 5 in Unarmed Combat
  7415 | D:8      | Reached skill level 5 in Spellcasting
  7415 | D:8      | Reached skill level 5 in Evocations
  7489 | D:8      | Noticed Psyche
  7504 | D:8      | Killed Psyche
  7514 | D:8      | Reached skill level 7 in Short Blades
  7518 | D:8      | Noticed Prince Ribbit
  7599 | D:7      | Reached ** piety under Cheibriados
  7664 | D:8      | Killed Prince Ribbit
  8165 | D:9      | Reached skill level 6 in Invocations
  8365 | D:9      | Reached *** piety under Cheibriados
  8368 | D:9      | Found a staircase to the Orcish Mines.
  8443 | D:9      | Found a hide-covered altar of Uskayaw.
  8504 | D:9      | Found a white marble altar of Elyvilon.
  8511 | D:9      | Found an iron altar of Okawaru.
  8595 | D:9      | Reached XP level 11. HP: 65/81 MP: 19/19
  8808 | D:9      | Found a staircase to the Lair.
  8814 | Lair:1   | Entered Level 1 of the Lair of Beasts
  9008 | Lair:1   | Reached skill level 6 in Fighting
  9008 | Lair:1   | Reached skill level 6 in Long Blades
  9008 | Lair:1   | Reached skill level 6 in Axes
  9008 | Lair:1   | Reached skill level 6 in Maces & Flails
  9008 | Lair:1   | Reached skill level 6 in Polearms
  9008 | Lair:1   | Reached skill level 12 in Staves
  9008 | Lair:1   | Reached skill level 6 in Slings
  9008 | Lair:1   | Reached skill level 6 in Bows
  9008 | Lair:1   | Reached skill level 6 in Crossbows
  9008 | Lair:1   | Reached skill level 6 in Throwing
  9008 | Lair:1   | Reached skill level 9 in Armour
  9008 | Lair:1   | Reached skill level 6 in Dodging
  9008 | Lair:1   | Reached skill level 6 in Stealth
  9008 | Lair:1   | Reached skill level 6 in Shields
  9008 | Lair:1   | Reached skill level 6 in Unarmed Combat
  9008 | Lair:1   | Reached skill level 6 in Spellcasting
  9008 | Lair:1   | Reached skill level 6 in Evocations
  9011 | Lair:1   | Reached skill level 5 in Conjurations
  9011 | Lair:1   | Reached skill level 5 in Hexes
  9011 | Lair:1   | Reached skill level 5 in Summonings
  9011 | Lair:1   | Reached skill level 5 in Necromancy
  9011 | Lair:1   | Reached skill level 5 in Translocations
  9011 | Lair:1   | Reached skill level 5 in Transmutations
  9011 | Lair:1   | Reached skill level 5 in Fire Magic
  9011 | Lair:1   | Reached skill level 5 in Ice Magic
  9011 | Lair:1   | Reached skill level 5 in Air Magic
  9011 | Lair:1   | Reached skill level 5 in Earth Magic
  9011 | Lair:1   | Reached skill level 5 in Poison Magic
  9017 | Lair:1   | Reached **** piety under Cheibriados
  9051 | Lair:1   | Noticed a five-headed hydra
  9063 | Lair:1   | HP: 20/81 [nine-headed hydra (11)]
  9074 | Lair:1   | HP: 11/81 [nine-headed hydra (10)]
  9238 | Lair:2   | HP: 18/81 [blink frog (12)]
  9417 | Lair:2   | Found a runed translucent door.
  9417 | Lair:2   | Noticed Pegaph's ghost (journeyman MyAM)
  9417 | Lair:2   | Noticed a spriggan rider
  9418 | Lair:2   | Identified the +3 trident "Udwek" {elec, rPois rC- Str+4
                  | Int+8}
  9418 | Lair:2   | Noticed a spriggan rider
  9447 | Lair:2   | Noticed a five-headed hydra
  9517 | Lair:3   | Noticed a four-headed hydra
  9533 | Lair:3   | HP: 14/81 [12-headed hydra (9)]
  9533 | Lair:3   | HP: 6/81 [12-headed hydra (8)]
  9533 | Lair:3   | HP: 2/81 [12-headed hydra (2)]
  9535 | Lair:3   | Mangled by a 12-headed hydra

Vanquished Creatures
  Joseph (D:7)
  A black mamba (Lair:1)
  A cane toad (Lair:1)
  2 rime drakes (Lair:2)
  2 komodo dragons (Lair:1)
  Psyche (D:8)
  Grinder (D:5)
  A hornet (D:9)
  Prince Ribbit (D:8)
  3 blink frogs (Lair:2)
  Sigmund (D:6)
  3 wyverns
  A shadow (D:9)
  Eustachio (D:5)
  5 yaks
  5 water moccasins
  3 orc warriors (D:9)
  A black bear (D:5)
  3 sky beasts (D:7)
  An ice beast (D:7)
  An ogre (D:9)
  4 centaurs
  3 kobold brigands
  4 bullfrogs
  A necrophage (D:3)
  8 wights (D:7)
  8 killer bees
  3 jellies
  9 howler monkeys
  A lava snake (D:9)
  2 hounds
  4 orc priests
  Crazy Yiuf (D:5)
  3 orc wizards
  5 iguanas
  A howler monkey zombie (D:2)
  9 adders
  A shadow imp (D:5)
  3 adder skeletons (D:2)
  5 worms
  4 dart slugs
  57 orcs
  4 ball pythons
  8 bats
  3 bat zombies (D:2)
  6 endoplasms
  5 giant cockroaches
  A hobgoblin (D:3)
  A jackal (D:4)
  17 kobolds
  3 quokkas
  A ball python skeleton (D:2)
  3 ball python zombies (D:2)
  6 frilled lizards
  4 goblins
  A quokka skeleton (D:2)
  2 quokka zombies (D:2)
  8 rats
248 creatures vanquished.

Vanquished Creatures (collateral kills)
  An orc warrior (D:9)
  2 orc priests (D:9)
  An orc wizard (D:9)
  4 orcs (D:9)
8 creatures vanquished.

Vanquished Creatures (others)
  7 fungi
  9 plants
  2 withered plants (D:2)
18 creatures vanquished.

Grand Total: 274 creatures vanquished

Table legend:
 A = Non-vault XP
 B = Vault XP
 C = Vault XP percentage of total XP
 D = Non-vault monster count
 E = Vault monster count
 F = Vault count percentage of total count
                 A         B        C        D         E       F
            +---------+---------+-------+---------+---------+-------
      Total |    9529 |    3645 |  27.7 |     188 |      68 |  26.6
            +---------+---------+-------+---------+---------+-------
        D:1 |      35 |       3 |   7.9 |      21 |       2 |   8.7
        D:2 |      56 |      44 |  44.0 |      14 |      14 |  50.0
        D:3 |     222 |       0 |   0.0 |      30 |       0 |   0.0
        D:4 |     254 |      61 |  19.4 |      20 |       8 |  28.6
        D:5 |     455 |     543 |  54.4 |       9 |       3 |  25.0
        D:6 |     621 |     214 |  25.6 |      14 |       1 |   6.7
        D:7 |    2532 |     475 |  15.8 |      38 |       1 |   2.6
        D:8 |     870 |     632 |  42.1 |      16 |       2 |  11.1
        D:9 |    1880 |     542 |  22.4 |      16 |      34 |  68.0
     Lair:1 |     860 |    1131 |  56.8 |       4 |       3 |  42.9
     Lair:2 |    1744 |       0 |   0.0 |       6 |       0 |   0.0
            +---------+---------+-------+---------+---------+-------

Illustrated notes

Table legend:
 A = Kills in this place as a percentage of kills in entire the game.
 B = Kills by you in this place as a percentage of kills by you in the entire game.
 C = Kills by friends in this place as a percentage of kills by friends in the entire game.
 D = Other kills in this place as a percentage of other kills in the entire game.
 E = Experience gained in this place as a percentage of experience gained in the entire game.
 F = Experience gained in this place divided by the number of levels of this place that you have seen.
                   A       B       C       D       E      F
               +-------+-------+-------+-------+-------+----------------------
         Total | 100.0 | 100.0 | 100.0 |   N/A | 100.0 | 1013.4
       Dungeon |  94.9 |  94.8 | 100.0 |   N/A |  71.6 | 1048.8
          Lair |   5.1 |   5.2 |   0.0 |   N/A |  28.4 | 1245.0
               +-------+-------+-------+-------+-------+----------------------

Table legend: (Time is in decaauts)
 A = Elapsed time spent in this place.
 B = Non-inter-level travel time spent in this place.
 C = Inter-level travel time spent in this place.
 D = Time resting spent in this place.
 E = Time spent auto-exploring this place.
 F = Levels seen in this place.
 G = Mean time per level.
                   A        B        C        D        E       F      G
               +--------+--------+--------+--------+--------+-----+--------+
         Total |  10315 |  10140 |    175 |    410 |   7785 |  13 |  793.5 |
       Dungeon |   9289 |   9147 |    142 |    277 |   7123 |   9 | 1032.1 |
        Temple |     16 |      8 |      8 |      0 |      0 |   1 |   16.0 |
          Lair |   1009 |    985 |     24 |    133 |    661 |   3 |  336.3 |
               +--------+--------+--------+--------+--------+-----+--------+

Top non-repeatable levels by time:
     D:7: 1500 daAuts
     D:4: 1150 daAuts
     D:2: 1094 daAuts
     D:5: 1091 daAuts
     D:9: 1071 daAuts
     D:1: 1040 daAuts
     D:3: 1010 daAuts
     D:8: 784 daAuts
     D:6: 545 daAuts
  Lair:2: 509 daAuts
  Lair:1: 428 daAuts
  Lair:3: 71 daAuts
  Temple: 16 daAuts
